 Dungeon Crawl Stone Soup version 0.16.0 (webtiles) character file.

21 Chiseanne the Chiller (level 2, -8/23 HPs)
             Began as a Centaur Wanderer on Mar 14, 2015.
             Killed by nerve-wracking pain
             ... invoked by Jessica
              (13 damage)
             ... on level 2 of the Dungeon.
             The game lasted 00:02:09 (486 turns).

Chiseanne the Chiller (Centaur Wanderer)             Turns: 486, Time: 00:02:09

Health: -8/23      AC:  8    Str: 17    XL:     2   Next: 62%
Magic:  2/2        EV:  8    Int:  9    God:
Gold:   35         SH:  0    Dex:  7    Spells: 0 memorised, 1 level left

rFire  . . .     SeeInvis .     b - +0 falchion
rCold  . . .     Clarity  .     e - +0 ring mail (curse)
rNeg   . . .     SustAb   .     (no shield)
rPois  .         Gourm    +     (no helmet)
rElec  .         Spirit   .     (no cloak)
rCorr  .         Warding  .     (no gloves)
rMut   .         Stasis   .     (no barding)
MR     .....                    l - amulet of the gourmand
Stlth  ..........               (no ring)
                                m - +3 ring of protection

@: lethally poisoned (-8 -> -10), very quick, not resistant to hostile
enchantments, extremely unstealthy
A: hooves 3, deformed body, speed 2, tough skin 3
a: no special abilities


You were on level 2 of the Dungeon.
You were not hungry.

You visited 1 branch of the dungeon, and saw 2 of its levels.

You collected 35 gold pieces.

Inventory:

Hand weapons
 b - a +0 falchion (weapon)
Missiles
 g - 24 arrows
Armour
 e - a cursed +0 ring mail (worn)
Jewellery
 l - an amulet of the gourmand (around neck)
 m - a +3 ring of protection (left hand)
Scrolls
 d - a scroll of blinking {unknown}
 h - a scroll of remove curse {unknown}
 i - a scroll of teleportation {unknown}
Potions
 c - a potion of curing
Books
 a - a book of Frost

   Spells                             Type                      Level
   a - Freeze                         Ice                          1
   b - Throw Frost                    Conjuration/Ice              2
   c - Ozocubu's Armour               Charms/Ice                   3
   d - Throw Icicle                   Conjuration/Ice              4
   e - Summon Ice Beast               Ice/Summoning                4
   f - Condensation Shield            Ice                          4
Comestibles
 f - 2 bread rations
 k - a meat ration


   Skills:
 * Level 1.5 Fighting
 - Level 1.0 Long Blades
 * Level 1.7 Dodging
 - Level 1.0 Stealth
   Level 1.0 Shields
 * Level 0.2 Spellcasting
   Level 2.6 Ice Magic
   Level 1.7 Air Magic


You had one spell level left.
You didn't know any spells.

Dungeon Overview and Level Annotations

Branches:
Dungeon (2/15)

Altars:

Annotations:
D:2 Jessica


Innate Abilities, Weirdness & Mutations

You have hooves in place of feet.
Armour fits poorly on your strangely shaped body.
You cover ground very quickly.
You have extremely tough skin (AC +3).


Message History

You feel sick. Jessica hits you but does no damage.
The adder barely misses you.
You barely miss Jessica.
Jessica is lightly wounded.
Jessica points at you and mumbles some strange words.
You resist with some effort. The adder bites you.
Jessica shouts, "You're disturbing me!
I'll have to kill you!" Jessica barely misses you. The adder bites you.
* * * LOW HITPOINT WARNING * * *
You completely miss Jessica.
Jessica is lightly wounded.
Jessica barely misses you. The adder bites you but does no damage.
Jessica barely misses you. The adder barely misses you.
You barely miss Jessica. You kick Jessica.
Jessica is heavily wounded.
You feel sick. Jessica casts a spell at you. Pain shoots through your body!
Ouch! That really hurt!
You die...

####.#....###.
#.#....#
#.#...(###
#.#.......
#(#(....#
##(.[....#
#(..S..#.#
#S###..# #@#
..# #.@?[...#
#.(#.##.#
....... .#...
...
#.#.......# .
##.## .# # #..
. #..


You could see an adder and Jessica.

Vanquished Creatures
  Terence (D:2)
  A bat (D:1)
  A giant cockroach (D:1)
  2 hobgoblins (D:1)
  A giant newt (D:1)
  2 kobolds
8 creatures vanquished.

Notes
Turn   | Place    | Note
--------------------------------------------------------------
     0 | D:1      | Chiseanne, the Centaur Wanderer, began the quest for the Orb.
     0 | D:1      | Chiseanne set off with: a book of Frost, a +0 falchion, a potion of curing, a +0 robe, a bread ration
     0 | D:1      | Reached XP level 1. HP: 16/16 MP: 1/1
   408 | D:2      | Noticed Terence
   424 | D:2      | Killed Terence
   424 | D:2      | Reached XP level 2. HP: 23/23 MP: 2/2
   464 | D:2      | Noticed Jessica
   486 | D:2      | Killed from afar by Jessica

Action                   || total
-------------------------++-------
Melee: Falchion          ||    29
Throw: Tomahawk          ||     6
  Use: Potion            ||     1
